 Dungeon Crawl Stone Soup version 0.21.0-25-ge575cb9ce8 (webtiles) character file.

86030 Rrauwl the Fighter (level 15, -1/123 HPs)
             Began as a Barachi Ice Elementalist on Jan 24, 2018.
             Was a High Priest of Nemelex Xobeh.
             Slain by an eight-headed hydra (13 damage)
             ... on level 2 of the Swamp on Jan 26, 2018.
             The game lasted 03:37:35 (27782 turns).

Rrauwl the Fighter (Barachi Ice Elementalist)      Turns: 27782, Time: 03:37:37

Health: -1/123     AC: 20    Str: 12    XL:     15   Next: 85%
Magic:  23/26      EV: 17    Int: 24    God:    Nemelex Xobeh [*****.]
Gold:   1050       SH: 13    Dex: 13    Spells: 3/26 levels left

rFire    + . .     SeeInvis .   a - +2 scimitar (flame)
rCold    + . .     Gourm    .   G - +3 buckler {AC+3}
rNeg     + . .     Faith    .   I - +3 troll leather armour
rPois    .         Spirit   .   g - +1 helmet
rElec    .         Reflect  +   j - +0 cloak
rCorr    .         Harm     .   z - +1 pair of gloves
MR       +....                  c - +1 pair of boots
Stlth    +++.......             H - +4 amulet of reflection
HPRegen  0.70/turn              y - ring of protection from fire
MPRegen  0.20/turn              C - ring of the Slug {rN+ Int+3 Slay+3 Stlth+}

@: can't hop, slow
A: +LOS, swims, clever 1, cold resistance 1, high mp 1, slowness 1, strong legs
2
a: Hop, Triple Draw, Deal Four, Stack Five, Renounce Religion


You were on level 2 of the Swamp.
You worshipped Nemelex Xobeh.
Nemelex Xobeh was extremely pleased with you.
You were not hungry.

You visited 5 branches of the dungeon, and saw 25 of its levels.
You visited the Abyss 1 time.
You also visited: Sewer.

You collected 2486 gold pieces.
You spent 1436 gold pieces at shops.

Inventory:

Hand Weapons
 a - a +2 scimitar of flaming (weapon)
Missiles
 K - 2 throwing nets (quivered)
Armour
 c - a +1 pair of boots (worn)
 g - a +1 helmet (worn)
 j - a +0 cloak (worn)
 z - a +1 pair of gloves (worn)
 G - a +3 buckler of protection (worn)
 I - a +3 troll leather armour (worn)
Jewellery
 s - an uncursed ring of see invisible
 y - a ring of protection from fire (left hand)
 C - the ring of the Slug (right hand) {rN+ Int+3 Slay+3 Stlth+}
   (You found it on level 6 of the Lair of Beasts)

   [ring of stealth]

   It affects your intelligence (+3).
   It affects your accuracy and damage with ranged weapons and melee attacks
   (+3).
   It protects you from negative energy.
   It makes you more stealthy.
 H - a +4 amulet of reflection (around neck)
 O - an uncursed ring of magical power
 S - an uncursed amulet of guardian spirit
Wands
 r - a wand of flame (27)
 x - a wand of digging (8)
 M - a wand of disintegration (27)
 W - a wand of clouds (8)
 X - a wand of iceblast (9)
Scrolls
 h - 2 scrolls of fear
 i - 18 scrolls of identify
 v - 5 scrolls of teleportation
 E - 8 scrolls of remove curse
 R - 3 scrolls of magic mapping
Potions
 b - 3 potions of mutation
 d - 3 potions of lignification
 o - 4 potions of flight
 u - 2 potions of haste
 B - 2 potions of magic
Books
 m - a book of Beasts

   Spells                             Type                      Level
   a - Summon Butterflies             Summoning                    1
   b - Call Canine Familiar           Summoning                    3
   c - Summon Ice Beast               Ice/Summoning                4
   d - Summon Mana Viper              Hexes/Summoning              5
   e - Summon Hydra                   Summoning                    7
Miscellaneous
 f - a plain deck of summoning {drawn: 2}
 k - a fan of gales
 l - a legendary deck of destruction
 p - a plain deck of escape {the Shaft, left: 1}
 q - a box of beasts
 w - a plain deck of escape
 A - a legendary deck of summoning {drawn: 8}
 D - an ornate deck of escape {the Tomb, left: 4}
 F - a plain deck of destruction
 Q - a plain deck of escape {the Shaft, left: 4}
 U - a phial of floods
 Y - a phantom mirror
Comestibles
 e - 32 rations
 t - 2 chunks of flesh


   Skills:
 - Level 13.0 Fighting
   Level 0.3(7.7) Short Blades
 + Level 12.9 Long Blades
 - Level 10.0 Armour
 - Level 9.0 Dodging
 - Level 2.0 Stealth
 - Level 8.1 Shields
 - Level 0.3 Unarmed Combat
 + Level 6.1 Spellcasting
 - Level 5.0 Conjurations
 - Level 3.1 Charms
 - Level 10.0 Summonings
 - Level 5.0 Translocations
 - Level 4.0 Transmutations
 - Level 11.0 Ice Magic
 - Level 3.1 Air Magic
 - Level 3.0 Earth Magic
 - Level 8.0 Invocations
 - Level 5.0 Evocations


You had 3 spell levels left.
You knew the following spells:

 Your Spells              Type           Power        Failure   Level  Hunger
a - Freeze                Ice            ####         1%          1    None
b - Throw Icicle          Conj/Ice       #####...     3%          4    ###....
c - Summon Ice Beast      Ice/Summ       ######..     1%          4    ###....
d - Apportation           Tloc           ####..       1%          1    None
e - Ice Form              Ice/Tmut       #####...     4%          4    ###....
f - Passage of Golubria   Tloc           N/A          12%         4    ###....
g - Swiftness             Chrm/Air       ###.....     4%          2    None
h - Passwall              Tmut/Erth      ###.......   3%          2    None
i - Summon Butterflies    Summ           ######..     1%          1    None


Dungeon Overview and Level Annotations

Branches:
Dungeon (13/15)            Temple (1/1) D:5            Lair (6/6) D:9
  Swamp (3/4) Lair:4        Snake (0/4) Lair:3        Slime (0/5) Lair:6
    Orc (2/2) D:12            Elf (0/3) Orc:2
 Vaults: D:13-14

Altars:
Ashenzari
Cheibriados
Dithmenos
Elyvilon
Fedhas
Gozag
Hepliaklqana
Kikubaaqudgha
Makhleb
Nemelex Xobeh
Okawaru
Qazlal
Ru
Sif Muna
Trog
Uskayaw
Vehumet
Wu Jian
Xom
Yredelemnul
Zin
The Shining One
Beogh

Shops:
D:4 (   D:6 ?   D:7 [*[   D:11 *((*(   Orc:2 (::?

Portals:
Trove: D:11 (give +6 demon trident)

Annotations:
Lair:4 exclusion: oklob plant
Lair:5 exclusion: 2 oklob plants


Innate Abilities, Weirdness & Mutations

Shadows flee at your approach. (+LOS)
You can swim through water.
You cover ground slowly.
You can hop long distances.
Your mind is acute. (Int +2)
Your flesh is cold resistant. (rC+)
You have an increased reservoir of magic. (+10% MP)


Message History

You enter the passage of Golubria.
There is a passage of Golubria here.
Evoke which item? (* to show all) (? for menu, Esc to quit)
You draw a card...
It is the Elements.
You swap places.
Your shock serpent bites the eight-headed hydra!!
Your shock serpent shocks the eight-headed hydra!
Your ice dragon bites the eight-headed hydra.
Your ice dragon claws the eight-headed hydra.
Your ice dragon tramples the eight-headed hydra!
The eight-headed hydra holds its ground!
You barely miss the eight-headed hydra.
The eight-headed hydra is severely wounded.
Your iron golem hits the eight-headed hydra!
You block the eight-headed hydra's attack.
The eight-headed hydra bites you but does no damage.
You block the eight-headed hydra's attack.
The eight-headed hydra bites you!
You die...
Your body glows with a rainbow of weird colours and disappears.

♣♣..§≈...≈♣
..§≈≈≈≈..≈♣♣
≈..≈≈≈≈≈...♣♣
≈≈...≈≈.....♣
≈..≈≈..♣.≈≈.♣♣
≈≈.♣♣..≈.≈≈≈≈♣
♣≈≈♣♣♣♣♣§...≈♣ ♣♣♣♣
♣♣♣...§♣♣♣♣♣
♣≈♣♣♣♣......≈♣.@♣♣
♣§..♣≈≈≈..≈≈♣♣8D≈♣
♣..≈♣.≈≈.....S≈D.♣
♣♣♣♣♣..≈≈.......>♣♣
≈.♣≈≈≈≈.≈§.≈§§..♣♣
≈≈≈≈≈≈).≈≈≈≈.≈♣♣♣
≈≈.≈§..≈≈≈≈≈.♣♣
...≈♣♣.≈≈≈≈≈.≈♣♣♣♣♣
.≈≈♣♣♣≈.≈≈≈.....≈.♣


You could see an eight-headed hydra, a friendly iron golem, a friendly ice
dragon and a friendly shock serpent.

Vanquished Creatures
  Nikola (Swamp:1)
  Frances (Swamp:2)
  Kirke (Lair:5)
  A dire elephant (Lair:6)
  An ettin (Orc:2)
  9 hydras
  An anaconda (Lair:6)
  4 two-headed ogres
  Erica (D:8)
  2 death yaks (Lair:5)
  5 alligators
  A tengu warrior (D:12)
  Nergalle (Lair:1)
  A wretched star (Abyss:3)
  2 spriggan druids
  A swamp dragon (Swamp:2)
  A lindwurm (Lair:6)
  A large abomination (Abyss:3)
  4 deep elf magi
  5 orc sorcerers
  A manticore (D:11)
  A worldbinder (Abyss:3)
  4 elephants
  2 cyclopes
  4 naga magi (D:13)
  3 black mambas
  4 spiny frogs
  2 torpor snails
  3 komodo dragons
  A yaktaur (D:10)
  A rime drake (Lair:5)
  2 freezing wraiths
  4 ancient zymes (Abyss:3)
  3 polar bears
  2 trolls
  2 tyrant leeches
  2 hornets (D:11)
  3 raiju (Abyss:3)
  11 blink frogs
  3 bog bodies
  5 hippogriffs
  Sigmund (D:2)
  4 starcursed masses (Abyss:3)
  2 wyverns
  2 shadows
  2 hogs (Lair:5)
  A human (D:13)
  23 yaks
  A basilisk (Lair:1)
  4 hungry ghosts
  Grum (D:10)
  3 vampire mosquitoes (Swamp:1)
  12 insubstantial wisps
  3 wargs
  7 swamp worms
  An acid dragon (D:13)
  2 nagas (Lair:3)
  6 water moccasins
  3 sky beasts
  5 porcupines
  A black bear (D:9)
  10 orc warriors
  An eye of draining (D:9)
  4 ice beasts
  6 swamp drakes
  3 phantoms
  4 ogres
  10 wolves
  4 centaurs
  6 crocodiles
  3 small abominations (Abyss:3)
  5 big kobolds
  Blork the orc (D:4)
  6 bullfrogs
  4 scorpions
  6 wights
  16 killer bees (D:11)
  A howler monkey (D:11)
  2 crimson imps
  A centaur zombie (D:10)
  2 quasits (Abyss:3)
  7 orc priests
  2 hounds (D:10)
  9 jellies
  A bullfrog skeleton (D:11)
  2 iguanas (D:5)
  21 orc wizards
  A hell rat (Lair:6)
  9 worker ants
  A howler monkey zombie (D:11)
  2 worker ant zombies
  A howler monkey skeleton (D:4)
  Robin (D:4)
  5 gnolls
  7 adders
  10 river rats
  2 shadow imps
  A white imp (Abyss:3)
  2 oozes (Lair:6)
  An adder skeleton (D:9)
  3 worms
  2 dart slugs
  5 leopard geckos
  51 orcs
  9 ball pythons
  5 bats
  7 giant cockroaches
  11 goblins
  7 hobgoblins
  13 jackals
  4 quokkas
  10 frilled lizards
  38 kobolds
  23 rats
  3 plants (Lair:6)
562 creatures vanquished.

Vanquished Creatures (collateral kills)
  Rupert (D:13)
  A kraken (Abyss:3)
  A deep elf sorcerer (D:13)
  An entropy weaver (Lair:5)
  5 dire elephants (Lair:6)
  A blizzard demon (Abyss:3)
  Erolcha (Orc:2)
  The ghost of Hat the Severer, a journeyman DDBe of Trog (D:10)
  An ice dragon (Lair:5)
  Harold (Lair:4)
  3 hydras
  A centaur warrior (D:13)
  2 two-headed ogres
  A death knight (D:13)
  A satyr (Lair:2)
  2 death yaks (Lair:5)
  A thrashing horror (Abyss:3)
  A vampire mage (Abyss:3)
  A skeletal warrior (D:13)
  2 wretched stars (Abyss:3)
  A death drake (Abyss:3)
  A swamp dragon (shapeshifter) (D:9)
  An orc knight (Orc:1)
  A cyclops (D:13)
  6 orc sorcerers
  A cyclops (shapeshifter) (D:13)
  8 elephants
  A gargoyle (D:10)
  A stone giant skeleton (Abyss:3)
  A smoke demon (Abyss:3)
  2 naga magi (D:13)
  A black mamba (Lair:3)
  3 spiny frogs
  A centaur skeleton (D:11)
  2 komodo dragons
  An ancient zyme (Abyss:3)
  5 trolls
  A polar bear (Lair:5)
  8 blink frogs
  7 hippogriffs
  A bog body (Swamp:2)
  2 raiju (Abyss:3)
  3 large abominations (Abyss:3)
  10 yaks
  A ynoxinul (Abyss:3)
  2 wraiths (D:13)
  A basilisk (Lair:3)
  A human (D:8)
  6 hogs
  A neqoxec (Abyss:3)
  Menkaure (D:4)
  3 nagas (Lair:3)
  3 water moccasins
  4 porcupines (Lair:5)
  An ice beast (D:10)
  6 orc warriors
  10 wolves
  3 ogres
  4 centaurs
  5 bullfrogs
  A scorpion (D:8)
  2 killer bees (D:11)
  6 wights
  2 howler monkeys
  A bullfrog zombie (D:7)
  A crimson imp (D:10)
  21 orc wizards
  A gnoll shaman (D:9)
  5 orc priests
  3 jellies (Lair:6)
  3 iguanas
  A hell rat (Lair:6)
  3 worker ants
  A hound zombie (D:9)
  14 gnolls
  6 river rats
  4 adders
  A leopard gecko (D:11)
  39 orcs
  A giant cockroach (D:4)
  2 goblins (D:4)
  A jackal (D:10)
  2 quokkas
  A ball python (Orc:2)
  A bat (D:10)
  A kobold (D:11)
  A leopard gecko skeleton (D:6)
  A quokka skeleton (D:6)
  2 rats
  2 tentacles (Abyss:3)
280 creatures vanquished.

Vanquished Creatures (others)
  A wizard (D:11)
  A queen bee (D:11)
  A tyrant leech (Swamp:1)
  A polar bear (Lair:6)
  An air elemental (Abyss:3)
  A human (Lair:5)
  A fire bat (Abyss:3)
  A basilisk (Abyss:3)
  A chaos spawn (Abyss:3)
  A large abomination (Abyss:3)
  A centaur (D:13)
  A crocodile (Lair:6)
  A big kobold (D:11)
  6 killer bees (D:11)
  3 jellies (Lair:6)
  A shadow imp (Abyss:3)
  2 ball lightnings (D:11)
  An orc (Orc:2)
  8 kobolds (D:11)
  A rat (D:1)
  5 fungi
  6 plants
  3 tentacles (Abyss:3)
49 creatures vanquished.

Grand Total: 891 creatures vanquished

Notes
Turn   | Place    | Note
-------+----------+-------------------------------------------
     0 | D:1      | Rrauwl the Barachi Ice Elementalist began the quest for the Orb.
     0 | D:1      | Reached XP level 1. HP: 13/13 MP: 3/3
   303 | D:1      | Reached XP level 2. HP: 19/19 MP: 3/5
   307 | D:1      | Learned a level 2 spell: Throw Frost
   542 | D:1      | Reached XP level 3. HP: 12/24 MP: 0/7
  1486 | D:2      | Found a stormy altar of Qazlal.
  1489 | D:2      | Found a blossoming altar of Fedhas.
  1594 | D:2      | Reached XP level 4. HP: 14/30 MP: 5/8
  1702 | D:2      | Noticed Sigmund
  1712 | D:2      | Learned a level 4 spell: Summon Ice Beast
  1731 | D:2      | Killed Sigmund
  1731 | D:2      | Reached skill level 1 in Summonings
  1731 | D:2      | Reached XP level 5. HP: 3/35 MP: 1/9
  2064 | D:2      | Reached skill level 5 in Ice Magic
  2431 | D:3      | Found a glowing drain.
  2552 | Sewer    | Entered a sewer
  2563 | Sewer    | Noticed a spatial vortex
  2563 | Sewer    | Noticed a spatial vortex
  2661 | Sewer    | Reached XP level 6. HP: 38/42 MP: 10/10
  2703 | Sewer    | Reached skill level 1 in Fighting
  2707 | Sewer    | Reached skill level 1 in Shields
  3019 | Sewer    | Learned a level 4 spell: Throw Icicle
  3224 | Sewer    | Reached skill level 2 in Fighting
  3224 | Sewer    | Reached XP level 7. HP: 11/50 MP: 0/11
  4109 | D:4      | Found Qetityaq's Weapon Shoppe.
  4192 | D:4      | Noticed Menkaure
  4201 | D:4      | Killed Menkaure
  4571 | D:4      | Noticed Robin
  4607 | D:4      | Killed Robin
  4835 | D:4      | Noticed Blork the orc
  4897 | D:4      | Killed Blork the orc
  4897 | D:4      | Reached XP level 8. HP: 24/56 MP: 4/12
  5429 | D:5      | Entered Level 5 of the Dungeon
  5537 | D:5      | Reached skill level 5 in Summonings
  5574 | D:5      | Found a staircase to the Ecumenical Temple.
  5602 | D:5      | Found a faded altar of an unknown god.
  5613 | Temple   | Entered the Ecumenical Temple
  5849 | Temple   | Became a worshipper of Nemelex Xobeh the Trickster
  6057 | D:5      | Noticed a hippogriff
  6078 | D:5      | Killed a hippogriff
  6206 | D:5      | Received a gift from Nemelex Xobeh
  6537 | D:5      | Noticed a two-headed ogre
  6559 | D:5      | Killed a two-headed ogre
  6853 | D:5      | Reached XP level 9. HP: 61/61 MP: 10/13
  6944 | D:6      | Found a shimmering altar of Xom.
  6945 | D:6      | Found a shimmering altar of Xom.
  6945 | D:6      | Found a shimmering altar of Xom.
  6945 | D:6      | Found a shimmering altar of Xom.
  6946 | D:6      | Found a shimmering altar of Xom.
  6946 | D:6      | Found a shimmering altar of Xom.
  6981 | D:6      | Found a hazy altar of Hepliaklqana.
  7353 | D:6      | Found a shimmering altar of Xom.
  7353 | D:6      | Found a shimmering altar of Xom.
  7353 | D:6      | Found a shimmering altar of Xom.
  7446 | D:6      | Received a gift from Nemelex Xobeh
  7457 | D:6      | Learned a level 1 spell: Apportation
  7463 | D:6      | Found Peavo's Magic Scroll Shoppe.
  7472 | D:6      | Bought a scroll of remove curse for 36 gold pieces
  7472 | D:6      | Bought a scroll of brand weapon for 240 gold pieces
  7472 | D:6      | Bought a scroll of remove curse for 36 gold pieces
  7550 | D:6      | Reached * piety under Nemelex Xobeh
  7678 | D:6      | Found an ornate altar of the Wu Jian Council.
  7907 | D:6      | Found a radiant altar of Vehumet.
  7908 | D:6      | Found a white marble altar of Elyvilon.
  7909 | D:6      | Found a glowing silver altar of Zin.
  7913 | D:6      | Found a deep blue altar of Sif Muna.
  7941 | D:6      | Found a shimmering altar of Xom.
  7990 | D:7      | Found Hain's General Store.
  8087 | D:7      | Found Guneok's Armour Emporium.
  8123 | D:7      | Reached skill level 1 in Translocations
  8169 | D:7      | Found Towuolan's Armour Emporium.
  8274 | D:7      | Reached skill level 3 in Fighting
  8438 | D:7      | Reached skill level 1 in Invocations
  8536 | D:7      | Reached skill level 1 in Long Blades
  8719 | D:7      | Bought a +0 buckler of protection for 115 gold pieces
  8974 | D:8      | Noticed Erica
  8995 | D:8      | Killed Erica
  8995 | D:8      | Reached XP level 10. HP: 43/71 MP: 10/14
  9255 | D:8      | Received a gift from Nemelex Xobeh
  9452 | D:8      | Found a shattered altar of Ashenzari.
  9583 | D:8      | Learned a level 4 spell: Ice Form
  9694 | D:8      | Reached skill level 1 in Armour
  9694 | D:8      | Reached skill level 5 in Shields
  9753 | D:8      | Reached ** piety under Nemelex Xobeh
  9770 | D:8      | Reached skill level 4 in Fighting
  9773 | D:8      | Reached skill level 10 in Ice Magic
  9779 | D:8      | Reached skill level 1 in Transmutations
  9906 | D:9      | Noticed a two-headed ogre
  9918 | D:8      | Killed a two-headed ogre
 10122 | D:9      | Found a staircase to the Lair.
 10136 | D:9      | Received a gift from Nemelex Xobeh
 10290 | D:9      | Found a shattered altar of Ashenzari.
 10352 | D:9      | Gained mutation: You have an increased reservoir of magic. (+10% MP) [potion of mutation]
 10352 | D:9      | Gained mutation: Your flesh is cold resistant. (rC+) [potion of mutation]
 10352 | D:9      | Gained mutation: Your mind is acute. (Int +2) [potion of mutation]
 10607 | D:9      | Noticed a swamp dragon
 10607 | D:9      | a yaktaur changed into a swamp dragon
 10625 | D:9      | Killed a swamp dragon
 10625 | D:9      | Reached skill level 5 in Conjurations
 11147 | D:10     | Entered Level 10 of the Dungeon
 11157 | D:10     | Reached XP level 11. HP: 77/77 MP: 14/18
 11235 | D:10     | Noticed a two-headed ogre
 11248 | D:10     | Killed a two-headed ogre
 11262 | D:10     | Reached *** piety under Nemelex Xobeh
 11290 | D:10     | Reached skill level 5 in Long Blades
 11407 | D:10     | Received a gift from Nemelex Xobeh
 11551 | D:10     | Noticed Grum
 11568 | D:10     | Killed Grum
 11823 | D:10     | Noticed Hat's ghost (journeyman DDBe)
 11841 | D:10     | Killed Hat's ghost
 11841 | D:10     | Reached skill level 5 in Armour
 11841 | D:10     | Reached skill level 10 in Summonings
 12056 | Lair:1   | Entered Level 1 of the Lair of Beasts
 12127 | Lair:1   | Received a gift from Nemelex Xobeh
 12177 | Lair:1   | Noticed Nergalle
 12198 | Lair:1   | Killed Nergalle
 12198 | Lair:1   | Reached skill level 5 in Fighting
 12405 | Lair:1   | Got an encrusted chain mail
 12416 | Lair:1   | Identified the +3 chain mail of a ziggurat {+Fly} (You found it on level 1 of the Lair of Beasts)
 12499 | Lair:1   | Reached skill level 1 in Evocations
 12851 | Lair:2   | Reached skill level 5 in Invocations
 12896 | Lair:2   | Noticed a five-headed hydra
 12909 | Lair:2   | Killed a one-headed hydra
 12924 | Lair:2   | Reached XP level 12. HP: 47/86 MP: 14/19
 13074 | Lair:2   | Received a gift from Nemelex Xobeh
 13084 | Lair:2   | Reached **** piety under Nemelex Xobeh
 13374 | Lair:2   | Received a gift from Nemelex Xobeh
 13433 | Lair:2   | Noticed an eight-headed hydra
 13731 | Lair:2   | Noticed a satyr
 13731 | Lair:2   | an eight-headed hydra changed into a satyr
 13736 | Lair:2   | Killed a satyr
 13736 | Lair:2   | Reached skill level 6 in Fighting
 13736 | Lair:2   | Reached skill level 5 in Dodging
 14023 | Lair:3   | Noticed a five-headed hydra
 14028 | Lair:3   | Killed a five-headed hydra
 14049 | Lair:3   | Received a gift from Nemelex Xobeh
 14065 | Lair:3   | Reached skill level 7 in Fighting
 14267 | Lair:3   | Found a staircase to the Snake Pit.
 14309 | Lair:3   | Received a gift from Nemelex Xobeh
 14812 | Lair:4   | Received a gift from Nemelex Xobeh
 14832 | Lair:4   | Reached ***** piety under Nemelex Xobeh
 14958 | Lair:4   | Found a staircase to the Swamp.
 14969 | Lair:4   | Noticed Harold
 14986 | Lair:4   | Killed Harold
 15040 | Lair:4   | Found a blossoming altar of Fedhas.
 15406 | Lair:5   | Received a gift from Nemelex Xobeh
 15454 | Lair:5   | Noticed a death yak
 15553 | Lair:5   | Received a gift from Nemelex Xobeh
 15574 | Lair:5   | Reached skill level 8 in Fighting
 15698 | Lair:5   | Found a frozen archway.
 15705 | Lair:5   | Noticed an ice dragon
 15739 | Lair:5   | Reached skill level 5 in Spellcasting
 16006 | Lair:5   | Noticed a death yak
 16029 | Lair:5   | Noticed a death yak
 16030 | Lair:5   | Noticed a death yak
 16032 | Lair:5   | Noticed a death yak
 16040 | Lair:5   | Killed a death yak
 16040 | Lair:5   | Gained mutation: You can hop long distances. [Barachi growth]
 16040 | Lair:5   | Reached XP level 13. HP: 98/98 MP: 15/22
 16044 | Lair:5   | Noticed an entropy weaver
 16044 | Lair:5   | a death yak changed into an entropy weaver
 16047 | Lair:5   | Killed an entropy weaver
 16058 | Lair:5   | Reached skill level 10 in Long Blades
 16202 | Lair:5   | Noticed Kirke
 16225 | Lair:5   | Killed Kirke
 16805 | Lair:5   | Killed an ice dragon
 16928 | Lair:6   | Entered Level 6 of the Lair of Beasts
 17090 | Lair:6   | Received a gift from Nemelex Xobeh
 17125 | Lair:6   | Reached skill level 5 in Evocations
 17403 | Lair:6   | Found a staircase to the Slime Pits.
 17463 | Lair:6   | Reached skill level 9 in Fighting
 18176 | Lair:6   | Received a gift from Nemelex Xobeh
 18242 | Lair:6   | Noticed a dire elephant
 18261 | Lair:6   | Killed a dire elephant
 18356 | Lair:6   | Noticed a dire elephant
 18356 | Lair:6   | Noticed a dire elephant
 18386 | Lair:6   | Killed a dire elephant
 18390 | Lair:6   | Killed a dire elephant
 18443 | Lair:6   | Got a pitted lapis lazuli ring
 18444 | Lair:6   | Identified the ring of the Slug {rN+ Int+3 Slay+3 Stlth+} (You found it on level 6 of the Lair of Beasts)
 18480 | Lair:6   | Noticed a dire elephant
 18531 | Lair:6   | Killed a dire elephant
 18686 | Lair:6   | Noticed a dire elephant
 18690 | Lair:6   | Noticed a dire elephant
 18694 | Lair:6   | Killed a dire elephant
 18702 | Lair:6   | Killed a dire elephant
 18884 | D:11     | Found Hajijad's Weapon Shoppe.
 19027 | D:11     | Reached skill level 10 in Fighting
 19103 | D:11     | Found Tasoem's General Store.
 19110 | D:11     | Bought a scroll of magic mapping for 38 gold pieces
 19140 | D:11     | Found a portal to a secret trove of treasure.
 19225 | D:11     | Found Cerrudghe's Weapon Shoppe.
 19245 | D:11     | Found Coafiopp's General Store.
 19256 | D:11     | Received a gift from Nemelex Xobeh
 19418 | D:11     | Reached XP level 14. HP: 100/110 MP: 19/23
 19456 | D:11     | Found Qepsu's Antique Weapon Shoppe.
 19468 | D:11     | Found a bloodstained altar of Trog.
 19808 | D:12     | Received a gift from Nemelex Xobeh
 20171 | D:12     | Received a gift from Nemelex Xobeh
 20253 | D:12     | Reached skill level 11 in Fighting
 20634 | D:12     | Received a gift from Nemelex Xobeh
 20742 | D:12     | Found a staircase to the Orcish Mines.
 21574 | D:13     | Reached skill level 12 in Fighting
 21837 | D:13     | Received a gift from Nemelex Xobeh
 22048 | D:13     | Found a deep blue altar of Sif Muna.
 22048 | D:13     | Noticed Rupert
 22068 | D:13     | Noticed a deep elf sorcerer
 22076 | D:13     | Cast into level 3 of the Abyss (a deep elf sorcerer)
 22312 | Abyss:3  | Received a gift from Nemelex Xobeh
 22332 | Abyss:3  | Noticed a starcursed mass
 22448 | Abyss:3  | Noticed a starcursed mass
 22523 | Abyss:3  | Noticed a starcursed mass
 22595 | Abyss:3  | Received a gift from Nemelex Xobeh
 22798 | Abyss:3  | Noticed a lich
 22801 | Abyss:3  | Noticed a tentacled starspawn
 22815 | Abyss:3  | Noticed a tentacled monstrosity
 22816 | Abyss:3  | Noticed a kraken
 22838 | Abyss:3  | Killed a kraken
 22838 | Abyss:3  | Reached skill level 10 in Armour
 22850 | D:13     | Escaped the Abyss
 22856 | D:13     | Killed a deep elf sorcerer
 22861 | D:13     | Killed Rupert
 22861 | D:13     | Reached XP level 15. HP: 74/120 MP: 21/24
 22911 | D:13     | Identified the Tome of Displacement and Evil Rites
 22912 | D:13     | Identified the Grimoire of Dislocated Confrontation
 22942 | D:13     | Identified Odoqefe's Almanac of Attacks and Shape Shifting
 22949 | D:13     | Learned a level 4 spell: Passage of Golubria
 23048 | D:13     | Learned a level 2 spell: Swiftness
 23051 | D:13     | Learned a level 2 spell: Passwall
 23363 | D:7      | Bought a +1 pair of boots for 138 gold pieces
 23479 | Orc:1    | Entered Level 1 of the Orcish Mines
 23499 | Orc:2    | Entered Level 2 of the Orcish Mines
 23634 | Orc:2    | Found a staircase to the Elven Halls.
 23693 | Orc:2    | Received a gift from Nemelex Xobeh
 23919 | Orc:2    | Reached skill level 5 in Translocations
 24063 | Orc:2    | Found Iliufaud's Antique Weapon Emporium.
 24089 | Orc:2    | Found an ancient bone altar of Kikubaaqudgha.
 24138 | Orc:2    | Noticed Erolcha
 24147 | Orc:2    | Killed Erolcha
 24153 | Orc:2    | Found a roughly hewn altar of Beogh.
 24179 | Orc:2    | Reached skill level 1 in Charms
 24179 | Orc:2    | Reached skill level 1 in Air Magic
 24190 | Orc:2    | Found Emenik's Book Shoppe.
 24190 | Orc:2    | Found Dekkex's Book Emporium.
 24314 | Orc:2    | Found Mutza's Magic Scroll Shoppe.
 24326 | Orc:2    | Bought a scroll of acquirement for 728 gold pieces
 24326 | Orc:2    | Bought a scroll of blinking for 105 gold pieces
 24372 | Orc:2    | Found a radiant altar of Vehumet.
 24711 | Orc:1    | Reached skill level 1 in Earth Magic
 25041 | Orc:1    | Received a gift from Nemelex Xobeh
 25661 | Swamp:1  | Entered Level 1 of the Swamp
 25961 | Swamp:1  | Noticed Nikola
 25972 | Swamp:2  | Noticed Frances
 26114 | Swamp:1  | Received a gift from Nemelex Xobeh
 26263 | Swamp:1  | Killed Nikola
 26663 | Swamp:2  | Killed Frances
 26878 | Swamp:2  | Learned a level 1 spell: Summon Butterflies
 27113 | Swamp:2  | Reached skill level 13 in Fighting
 27713 | Swamp:3  | Received a gift from Nemelex Xobeh
 27782 | Swamp:2  | Slain by an eight-headed hydra

Skill      XL: |  1  2  3  4  5  6  7  8  9 10 11 12 13 14 15 |
---------------+----------------------------------------------+-----
Ice Magic      | 4 5 6 8 9 10 11 | 11.0
Stealth        | 2 |  2.0
Dodging        | 3 4 5 7 9 |  9.0
Spellcasting   | 3 4 5 6 |  6.1
Conjurations   | 2 3 4 5 |  5.0
Summonings     | 1 2 4 7 8 9 10 | 10.0
Fighting       | 2 3 4 5 8 10 12 13 | 13.0
Shields        | 2 3 4 5 6 7 8 |  8.1
Translocations | 2 3 4 5 |  5.0
Invocations    | 1 3 6 7 8 |  8.0
Long Blades    | 2 4 6 8 10 12 | 12.9
Armour         | 3 6 7 8 10 | 10.0
Transmutations | 3 4 |  4.0
Evocations     | 3 4 5 |  5.0
Charms         | 3 |  3.1
Air Magic      | 3 |  3.1
Earth Magic    | 3 |  3.0
Short Blades   | |  0.3
Unarmed Combat | |  0.3

Action                   |  1- 3 |  4- 6 |  7- 9 | 10-12 | 13-15 || total
-------------------------+-------+-------+-------+-------+-------++-------
Melee: Unarmed           |    42 |       |       |    16 |       ||    58
       Dagger            |    42 |   150 |   399 |    18 |       ||   609
       Scimitar          |       |       |       |   618 |  1140 ||  1758
 Cast: Freeze            |    34 |    17 |     5 |       |       ||    56
       Throw Frost       |     8 |       |       |       |       ||     8
       Summon Ice Beast  |       |     2 |    32 |    96 |    66 ||   196
       Throw Icicle      |       |       |     3 |     1 |       ||     4
       Ice Form          |       |       |       |     1 |       ||     1
       Apportation       |       |       |       |       |     3 ||     3
       Swiftness         |       |       |       |       |     1 ||     1
       Passage of Golubr |       |       |       |       |     1 ||     1
Invok: Stack Five        |       |       |       |       |     5 ||     5
 Abil: Hop               |       |       |       |       |     2 ||     2
Evoke: Wand              |       |       |     8 |     2 |    15 ||    25
       Deck              |       |       |       |    11 |   131 ||   142
       Fan of gales      |       |       |       |       |     1 ||     1
  Use: Potion            |     5 |     3 |     7 |     8 |    20 ||    43
       Scroll            |     6 |     2 |     5 |     8 |    22 ||    43
 Stab: Sleeping          |     2 |     3 |     3 |       |     2 ||    10
       Distracted        |       |       |     1 |     9 |    11 ||    21
       Petrified         |       |       |       |       |     5 ||     5
  Eat: Chunk             |     4 |     7 |    16 |    34 |    16 ||    77
       Ration            |       |       |     4 |     4 |    11 ||    19
Armor: Robe              |    27 |    37 |    60 |       |       ||   124
       Ring mail         |       |       |     9 |    31 |       ||    40
       Troll leather arm |       |       |       |   145 |   277 ||   422
       Skin              |       |       |       |     6 |       ||     6
Dodge: Dodged            |    81 |   117 |   197 |   480 |   597 ||  1472
Block: Buckler           |       |    20 |    74 |   260 |   451 ||   805
       Reflection        |       |       |       |       |     1 ||     1
       Rpst.: Scimitar   |       |       |       |   108 |   133 ||   241
